 Dungeon Crawl Stone Soup version 0.29.1-1-gd02db6906a (webtiles) character file.

Game seed: 9285979555776105444

20 MisterFreud the Sneak (level 3, 0/28 HPs)
             Began as a Formicid Wanderer on Sept 19, 2022.
             Slain by a hobgoblin (1 damage)
             ... on level 1 of the Dungeon.
             The game lasted 00:01:14 (876 turns).

MisterFreud the Sneak (Formicid Wanderer)            Turns: 876, Time: 00:01:15

Health: 0/28       AC:  3    Str: 17    XL:     3   Next: 0%
Magic:  4/4        EV: 11    Int: 15    God:
Gold:   10         SH:  0    Dex: 10    Spells: 4/4 levels left

rFire   . . .      SeeInvis +   a - +0 club
rCold   . . .      Faith    .   (no shield)
rNeg    . . .      Spirit   .   c - +0 robe
rPois   .          Reflect  .   (helmet unavailable)
rElec   .          Harm     .   (no cloak)
rCorr   .          Rampage  .   d - +0 pair of gloves
Will    .....                   (no boots)
Stlth   ++........              (no amulet)
HPRegen 0.09/turn               (no ring)
MPRegen 0.09/turn               (no ring)

@: no status effects
A: permanent stasis, dig shafts and tunnels, antennae 3, four strong arms
a: Dig, Shaft Self


You were on level 1 of the Dungeon.
You visited 1 branch of the dungeon, and saw 1 of its levels.

You collected 10 gold pieces.

Inventory:

Hand Weapons
 a - a +0 club (weapon)
Missiles
 e - 6 poisoned darts
Armour
 c - a +0 robe (worn)
 d - a +0 pair of gloves (worn)
Scrolls
 b - a scroll of fear
 f - a scroll of identify {unknown}
Potions
 g - a potion of might {unknown}


   Skills:
 + Level 2.6 Fighting
 - Level 1.0 Dodging
 - Level 3.6 Stealth
 - Level 1.1 Spellcasting
 - Level 3.0 Summonings
 - Level 2.0 Necromancy


You had 4 spell levels left.
You didn't know any spells.
Your spell library contained the following spells:

 Spells                   Type           Power      Damage    Failure   Level
 Summon Small Mammal      Summ           36%        N/A       7%          1
 Necrotise                Necr           24%        1d5       11%         1
 Call Canine Familiar     Summ           9%         N/A       22%         3
 Vampiric Draining        Necr           6%         2d6       32%         3
 Dispel Undead            Necr           6%         3d8       71%         4


Dungeon Overview and Level Annotations

Branches:
Dungeon (1/15)

Altars:


Innate Abilities, Weirdness & Mutations

You cannot be hasted, slowed, berserked, paralysed or teleported.
You can dig through walls and to a lower floor.
You have a pair of large antennae on your head. (SInv)
Your four strong arms can wield two-handed weapons with a shield.


Message History

You barely miss the hobgoblin.
The hobgoblin is almost dead.
The hobgoblin barely misses you. The hobgoblin hits you. x3
You closely miss the hobgoblin.
The hobgoblin is almost dead.
The hobgoblin misses you. The hobgoblin completely misses you.
You are too injured to fight recklessly!
You are too injured to fight recklessly!
You hit the hobgoblin but do no damage.
The hobgoblin is almost dead.
The hobgoblin closely misses you. The hobgoblin hits you.
You hit the hobgoblin.
You kill the hobgoblin!
The hobgoblin hits you.
* * * LOW HITPOINT WARNING * * *
You have reached level 3!
Your experience leads to an increase in your attributes!
Increase (S)trength, (I)ntelligence, or (D)exterity?
You feel stronger. x2
You hit the hobgoblin.
The hobgoblin is heavily wounded.
The hobgoblin hits you but does no damage. x2
Unknown command.
You closely miss the hobgoblin.
The hobgoblin is heavily wounded.
The hobgoblin hits you but does no damage.
You closely miss the hobgoblin.
The hobgoblin is heavily wounded.
The hobgoblin hits you.
* * * LOW HITPOINT WARNING * * *
You hit the hobgoblin but do no damage.
The hobgoblin is heavily wounded.
The hobgoblin hits you.
* * * LOW HITPOINT WARNING * * *
The hobgoblin hits you.
* * * LOW HITPOINT WARNING * * *
You hit the hobgoblin but do no damage.
The hobgoblin is heavily wounded.
The hobgoblin hits you.
You die...

####.######
#.?.......#
#..+.....(...#
#.#.##.........#
#.#.##.........#
#.#.##.........#
#.#.##.....g...#
#.#.##.....@†..#
#.#....)....†......
##.#..#########...##
#...........# ..#
####..#####.# .#
####......# #
#.........#
##.##.##### ###
#.##.# ...


You could see a hobgoblin.

Vanquished Creatures
  A dart slug (D:1)
  5 bats (D:1)
  2 goblins (D:1)
  A hobgoblin (D:1)
  3 jackals (D:1)
  A quokka (D:1)
  A ball python (D:1)
  A frilled lizard (D:1)
  A kobold (D:1)
  A rat (D:1)
17 creatures vanquished.

Notes
Turn   | Place    | Note
-------+----------+-------------------------------------------
     0 | D:1      | MisterFreud the Formicid Wanderer began the quest for the
                  | Orb.
     0 | D:1      | MisterFreud set off with the following items: a +0 club, a
                  | scroll of fear, a +0 robe, a +0 pair of gloves; and the
                  | following spells available to memorise: Summon Small
                  | Mammal, Necrotise, Call Canine Familiar, Vampiric Draining,
                  | Dispel Undead.
     0 | D:1      | Reached XP level 1. HP: 13/13 MP: 2/2
    53 | D:1      | Reached skill level 1 in Fighting
   439 | D:1      | Reached XP level 2. HP: 20/21 MP: 3/3
   872 | D:1      | Reached XP level 3. HP: 6/28 MP: 4/4
   875 | D:1      | HP: 1/28 [hobgoblin (3)]
   876 | D:1      | Slain by a hobgoblin

Illustrated notes

Levels and vault maps discovered:
D:1:      dpeg_arrival_round_b, layout_basic, grunt_decor_junction

Skill      XL: |  1  2 |
---------------+-------+-----
Fighting       | 1 2 |  2.6
Dodging        | |  1.0
Stealth        | |  3.6
Spellcasting   | |  1.1
Summonings     | |  3.0
Necromancy     | |  2.0

Action                   || total
-------------------------++-------
Melee: Club              ||    88
       Punch             ||     2
 Stab: Sleeping          ||     1
Armor: Robe              ||    48
Dodge: Dodged            ||    73
